 Dungeon Crawl Stone Soup version 0.22.0 (webtiles) character file.

43040 Astral24 the Severer (level 13, -16/174 HPs)
             Began as a Minotaur Berserker on Oct 22, 2018.
             Was the Champion of Trog.
             Demolished by a two-headed ogre
             ... wielding a +0 giant spiked club
              (23 damage)
             ... on level 2 of the Orcish Mines.
             The game lasted 01:43:11 (16575 turns).

Astral24 the Severer (Minotaur Berserker)          Turns: 16575, Time: 01:43:11

Health: -16/174    AC: 26    Str: 33    XL:     13   Next: 88%
Magic:  5/5        EV:  2    Int:  4    God:    Trog [******]
Gold:   2462       SH:  0    Dex: 12    Spells: 12/12 levels left

rFire    . . .     SeeInvis .   c - +4 executioner's axe (antimagic)
rCold    + . .     Gourm    .   (shield currently unavailable)
rNeg     + + +     Faith    .   (armour currently unavailable)
rPois    +         Spirit   .   (helmet currently unavailable)
rElec    .         Reflect  .   (cloak currently unavailable)
rCorr    .         Harm     .   (gloves currently unavailable)
MR       +++..     Clarity  +   (boots currently unavailable) Stlth +.........NoTele +
                                e - amulet of the Four Winds {rN+ MR+++ Clar}
HPRegen  0.39/turn              x - +3 ring of dexterity
MPRegen  0.09/turn              S - ring of protection from cold

@: mighty, tree-form, berserk cooldown, slowed, very slow
A: (retaliatory headbutt)
a: Berserk, Trog's Hand, Brothers in Arms, Renounce Religion


You were on level 2 of the Orcish Mines.
You worshipped Trog.
Trog was exalted by your worship.
You were hungry.
You were a tree.
You visited 4 branches of the dungeon, and saw 18 of its levels.
You also visited: Ossuary, Bailey and Volcano.

You collected 2462 gold pieces.

Inventory:

Hand Weapons
 a - the +5 battleaxe "Sogep" {chop, rC+}
   (Trog gifted it to you on level 10 of the Dungeon)

   It inflicts extra damage upon your enemies.
   It protects you from cold.
 b - a +2 hunting sling of flaming
 c - a +4 antimagic executioner's axe (weapon)
 J - a +2 fustibalus of freezing
 N - the +10 hand axe "Fewuosm" {chop, *Slow +Blink rC+ Dex+8}
   (You found it on level 4 of the Dungeon)

   It inflicts extra damage upon your enemies.
   It affects your dexterity (+8).
   It protects you from cold.
   It lets you blink.
   It may slow you when you take damage.
Missiles
 f - 540 stones
 t - 34 tomahawks of returning (quivered)
 v - 116 sling bullets
 R - a throwing net
 U - 7 javelins of penetration
Armour
 j - a +0 pair of boots (melded)
 o - a +0 pair of gloves (melded)
 A - a +1 plate armour of fire resistance (melded)
Jewellery
 e - the amulet of the Four Winds (around neck) {rN+ MR+++ Clar}
   (You found it on level 1 of the Lair of Beasts)

   [amulet of nothing]

   It protects you from negative energy.
   It affects your resistance to hostile enchantments.
   It protects you against confusion.
 x - a +3 ring of dexterity (left branch)
 D - an uncursed ring of protection from fire
 S - a ring of protection from cold (right branch)
Wands
 i - a wand of flame (20)
 k - a wand of digging (13)
 Q - a wand of polymorph (28)
 T - a wand of iceblast (13)
 V - a wand of paralysis (17)
 Y - a wand of clouds (6)
 Z - a wand of scattershot (7)
Scrolls
 d - 3 scrolls of fog {unknown}
 g - a scroll of enchant weapon {unknown}
 h - 6 scrolls of enchant armour
 l - 7 scrolls of remove curse
 m - a scroll of magic mapping
 n - 8 scrolls of teleportation
 u - 4 scrolls of random uselessness
 y - 3 scrolls of blinking
 C - 2 scrolls of immolation
 G - 3 scrolls of fear
 L - 6 scrolls of amnesia
 X - a scroll of identify
Potions
 p - 5 potions of brilliance
 q - 2 potions of berserk rage {unknown}
 r - a potion of agility {unknown}
 s - 3 potions of cancellation
 w - a potion of mutation {unknown}
 z - 5 potions of curing
 B - a potion of degeneration {unknown}
 E - a potion of haste {unknown}
 H - 2 potions of lignification
 I - 2 potions of invisibility
 K - a potion of ambrosia {unknown}
 O - a potion of might
Miscellaneous
 F - a phial of floods
 W - a phantom mirror
Comestibles
 M - 43 rations
 P - 9 chunks of flesh


   Skills:
 + Level 11.3 Fighting
 * Level 20.1 Axes
 + Level 5.6(6.4) Slings
 + Level 4.2(5.3) Throwing
 + Level 12.0 Armour
 + Level 3.4 Dodging
   Level 1.5 Shields
 - Level 4.1 Evocations


You had 12 spell levels left.
You didn't know any spells.
Your spell library was empty.

Dungeon Overview and Level Annotations

Branches:
Dungeon (11/15)            Temple (1/1) D:4            Lair (4/6) D:11
  Swamp (0/4) Lair:4        Snake (0/4) Lair:4          Orc (2/2) D:11
    Elf (0/3) Orc:2

Altars:
Ashenzari
Cheibriados
Dithmenos
Elyvilon
Fedhas
Gozag
Hepliaklqana
Kikubaaqudgha
Makhleb
Nemelex Xobeh
Okawaru
Qazlal
Ru
Sif Muna
Trog
Uskayaw
Vehumet
Wu Jian
Xom
Yredelemnul
Zin
The Shining One

Shops:
D:9 }   D:10 ?

Portals:
Trove: D:10 (give +4 ice dragon scales)

Annotations:
Lair:2 exclusion: 3 oklob plants


Innate Abilities, Weirdness & Mutations

((You reflexively headbutt those who attack you in melee.))
((You have a pair of horns on your head.))


Message History

You kill the ogre!
Trog accepts your kill.
You hit the ogre.
You kill the ogre!
Trog accepts your kill.
You dice the two-headed ogre like an onion!!!
You hear a shout!
The two-headed ogre hits you with a giant spiked club!
* * * LOW HITPOINT WARNING * * *
The two-headed ogre hits you but does no damage.
An orc priest comes into view. It is wielding a club.
The ogre mage hits you but does no damage.
The ogre mage gestures wildly while chanting.
The ogre mage blinks!
The two-headed ogre hits you but does no damage. x2
An ogre comes into view. It is wielding a giant spiked club.
An orc comes into view. It is wielding a flail.
You feel very mighty all of a sudden.
The two-headed ogre hits you with a giant spiked club!!
You die...

##.. #... ### #..#
##... #..##.....
#..#.O..O.
#...O...o.
#######O)..§O.o.
#.....O♣O#
#######).# #..##
#...#####
###.........
##...........
#.............. .
###..............
.
##................
..


You could see 2 two-headed ogres, an ogre mage, 4 ogres, an orc priest and an
orc (wandering).

Vanquished Creatures
  Fannar (Lair:3)
  5 hydras
  A vault guard (D:10)
  6 two-headed ogres
  A death knight (D:11)
  The ghost of EvilAliv3 the Thrower, a novice BaHu of Gozag (Lair:1)
  A hell knight (Volcano)
  A salamander mystic (Volcano)
  An unseen horror (D:10)
  3 orc knights
  An oklob plant (Lair:4)
  An ugly thing (D:10)
  6 salamanders (Volcano)
  A manticore (D:11)
  3 elephants (Lair:3)
  5 black mambas
  3 spiny frogs
  12 rime drakes (Lair:2)
  5 komodo dragons
  5 trolls
  A queen bee (D:11)
  2 polar bears (Lair:1)
  5 hippogriffs
  Prince Ribbit (D:5)
  7 blink frogs
  2 shadows (D:11)
  A wyvern (D:11)
  2 hogs (D:11)
  A human (D:11)
  5 yaks
  Grum (D:10)
  Eustachio (D:4)
  7 steam dragons
  A basilisk (Lair:1)
  A hungry ghost (D:8)
  A soldier ant (D:11)
  5 nagas (Lair:4)
  4 water moccasins
  3 porcupines
  14 orc warriors
  2 ice beasts
  2 phantoms
  17 wolves
  14 ogres
  A centaur (D:8)
  17 crocodiles
  2 big kobolds (D:11)
  9 bullfrogs
  3 elf zombies (Ossuary)
  A gnoll sergeant (D:7)
  3 scorpions
  22 killer bees (D:11)
  A howler monkey (D:5)
  3 jellies
  4 crimson imps
  A centaur zombie (Ossuary)
  2 hounds (D:11)
  7 orc priests
  2 bullfrog skeletons
  2 centaur skeletons
  4 iguanas
  12 orc wizards
  8 worker ants
  A big kobold zombie (Ossuary)
  A hound zombie (D:5)
  2 mummies (Ossuary)
  A howler monkey zombie (D:7)
  7 adders
  24 gnolls
  A shadow imp (D:8)
  2 adder zombies
  A worm (D:3)
  3 dart slugs
  4 leopard geckos
  84 orcs
  2 ball pythons (D:3)
  8 giant cockroaches
  16 goblins
  8 hobgoblins
  11 jackals
  21 kobolds
  2 quokkas
  2 bats
  3 frilled lizards
  2 goblin zombies (Ossuary)
  9 hobgoblin zombies (Ossuary)
  13 kobold zombies (Ossuary)
  5 orc zombies (Ossuary)
  4 rats
  2 rat zombies (Ossuary)
  2 butterflies (Lair:4)
  5 fungi
  4 plants
517 creatures vanquished.

Vanquished Creatures (collateral kills)
  Snorg (D:10)
  Sonja (D:10)
  8 kobolds (Bailey)
10 creatures vanquished.

Vanquished Creatures (others)
  A rime drake (Lair:2)
  3 fungi (Lair:4)
  2 plants
6 creatures vanquished.

Grand Total: 533 creatures vanquished

Notes
Turn   | Place    | Note
-------+----------+-------------------------------------------
     0 | D:1      | Astral24 the Minotaur Berserker began the quest for the Orb.
     0 | D:1      | Reached XP level 1. HP: 19/19 MP: 0/0
   349 | D:1      | Reached skill level 4 in Axes
   349 | D:1      | Reached XP level 2. HP: 27/27 MP: 1/1
   673 | D:2      | Reached XP level 3. HP: 33/33 MP: 2/2
   752 | D:2      | Found a sacrificial altar of Ru.
   933 | D:2      | Reached ** piety under Trog
  1123 | D:2      | Reached skill level 5 in Axes
  1174 | D:2      | Reached XP level 4. HP: 39/40 MP: 3/3
  1192 | D:2      | Found a blossoming altar of Fedhas.
  1471 | D:3      | Reached skill level 6 in Axes
  1528 | D:3      | Reached XP level 5. HP: 45/46 MP: 4/4
  1817 | D:4      | Noticed Eustachio
  1869 | D:4      | Killed Eustachio
  1869 | D:4      | Reached skill level 1 in Slings
  1869 | D:4      | Reached XP level 6. HP: 50/53 MP: 5/5
  1934 | D:4      | Found a staircase to the Ecumenical Temple.
  1950 | Temple   | Entered the Ecumenical Temple
  2120 | D:4      | Reached *** piety under Trog
  2175 | D:4      | Found a shadowy altar of Dithmenos.
  2184 | D:4      | Got a translucent hand axe
  2185 | D:4      | Identified the +10 hand axe "Fewuosm" {chop, *Slow +Blink rC+ Dex+8} (You found it on level 4 of the Dungeon)
  2408 | D:4      | Reached skill level 7 in Axes
  2573 | D:4      | Found a white marble altar of Elyvilon.
  2645 | D:4      | Found an ornate altar of the Wu Jian Council.
  2853 | D:5      | Entered Level 5 of the Dungeon
  3012 | D:5      | Reached XP level 7. HP: 60/60 MP: 6/6
  3030 | D:5      | Found a sand-covered staircase.
  3036 | Ossuary  | Entered an ossuary
  3092 | Ossuary  | Received a gift from Trog
  3148 | Ossuary  | Reached skill level 5 in Fighting
  3216 | Ossuary  | Reached skill level 5 in Armour
  3220 | Ossuary  | Reached skill level 8 in Axes
  3255 | D:5      | Got a steaming long sword
  3272 | D:5      | Identified the +8 long sword of the Sage {freeze, Dex+3} (You found it on level 5 of the Dungeon)
  3628 | D:5      | Noticed Prince Ribbit
  3633 | D:5      | Killed Prince Ribbit
  3633 | D:5      | Reached skill level 9 in Axes
  3633 | D:5      | Reached XP level 8. HP: 37/69 MP: 7/7
  4020 | D:6      | Found a basalt altar of Yredelemnul.
  4149 | D:6      | Reached **** piety under Trog
  4543 | D:7      | Reached skill level 10 in Axes
  4684 | D:7      | Found a glowing golden altar of the Shining One.
  5432 | D:7      | Reached skill level 11 in Axes
  5628 | D:8      | Noticed a two-headed ogre
  5637 | D:8      | Killed a two-headed ogre
  5637 | D:8      | Reached XP level 9. HP: 54/78 MP: 8/8
  5640 | D:8      | Reached skill level 12 in Axes
  6038 | D:8      | Reached ***** piety under Trog
  6236 | D:9      | Reached skill level 1 in Throwing
  6294 | D:9      | Reached skill level 13 in Axes
  6375 | D:9      | Found Laam Qof's Gadget Emporium.
  6901 | D:10     | Entered Level 10 of the Dungeon
  6920 | D:10     | Reached XP level 10. HP: 82/86 MP: 9/9
  6921 | D:10     | Noticed Grum
  6931 | D:10     | Reached skill level 1 in Evocations
  6935 | D:10     | Killed Grum
  7009 | D:10     | Found Nirr's Magic Scroll Boutique.
  7060 | D:10     | Noticed a vault guard
  7086 | D:10     | Killed a vault guard
  7151 | D:10     | Killed an unseen horror
  7151 | D:10     | Reached skill level 14 in Axes
  7152 | D:10     | Noticed a green ugly thing
  7160 | D:10     | Killed a green ugly thing
  7429 | D:10     | Found a portal to a secret trove of treasure.
  7448 | D:10     | Noticed Sonja
  7452 | D:10     | Killed Sonja
  7838 | D:10     | Noticed Snorg
  7845 | D:10     | Killed Snorg
  7845 | D:10     | Received a gift from Trog
  7856 | D:10     | Got a crude battleaxe {god gift}
  7880 | D:10     | Identified the +5 battleaxe "Sogep" {chop, rC+} (Trog gifted it to you on level 10 of the Dungeon)
  8147 | D:11     | Found a flagged portal.
  8156 | Bailey   | Entered a bailey
  8256 | Bailey   | Noticed an orc knight
  8256 | Bailey   | Noticed an orc knight
  8264 | Bailey   | Killed an orc knight
  8264 | Bailey   | Reached XP level 11. HP: 94/94 MP: 12/12
  8267 | Bailey   | Killed an orc knight
  8561 | D:11     | Noticed a two-headed ogre
  8566 | D:11     | Killed a two-headed ogre
  8566 | D:11     | Reached skill level 15 in Axes
  8682 | D:11     | Found a staircase to the Lair.
  8824 | D:11     | Found a staircase to the Orcish Mines.
  8873 | D:11     | Noticed a seven-headed hydra
  8884 | D:11     | Killed an 11-headed hydra
  8884 | D:11     | Reached skill level 16 in Axes
  9152 | D:11     | Received a gift from Trog
  9626 | D:11     | Noticed a death knight
  9635 | D:11     | Killed a death knight
  9761 | Lair:1   | Entered Level 1 of the Lair of Beasts
  9770 | Lair:1   | Noticed a seven-headed hydra
  9776 | Lair:1   | Noticed a four-headed hydra
  9792 | D:11     | Killed a ten-headed hydra
 10089 | D:11     | Killed a seven-headed hydra
 10089 | D:11     | Reached XP level 12. HP: 60/104 MP: 14/14
 10321 | Lair:1   | Reached skill level 10 in Armour
 10396 | Lair:1   | Reached skill level 17 in Axes
 10530 | Lair:1   | Noticed EvilAliv3's ghost (novice BaHu)
 10622 | Lair:1   | Found the amulet of the Four Winds {rN+ MR+++ Clar}
 10625 | Lair:1   | Found a transporter.
 10635 | Lair:1   | Found a transporter.
 11240 | Lair:1   | Killed EvilAliv3's ghost
 11607 | Lair:2   | Reached skill level 10 in Fighting
 11607 | Lair:2   | Reached skill level 18 in Axes
 12672 | Lair:3   | Found a dark tunnel.
 12678 | Volcano  | Entered a volcano
 12712 | Volcano  | Found a burning altar of Makhleb.
 12752 | Volcano  | Reached skill level 1 in Shields
 12752 | Volcano  | Reached XP level 13. HP: 70/114 MP: 15/15
 12865 | Volcano  | Reached skill level 19 in Axes
 13075 | Lair:3   | Noticed Fannar
 13095 | Lair:3   | Killed Fannar
 13425 | Lair:3   | Received a gift from Trog
 13657 | Lair:3   | Found a hazy altar of Hepliaklqana.
 13829 | Lair:3   | Got a scintillating ivory ring
 14021 | Lair:3   | Identified the ring "Ypeigoll" {Ice Int+4} (You found it on level 3 of the Lair of Beasts)
 14740 | Lair:4   | Received a gift from Trog
 14780 | Lair:4   | Found a staircase to the Snake Pit.
 14820 | Lair:4   | Found a staircase to the Swamp.
 15219 | Lair:4   | Reached skill level 5 in Slings
 15744 | Orc:1    | Entered Level 1 of the Orcish Mines
 15866 | Orc:2    | Entered Level 2 of the Orcish Mines
 16296 | Orc:2    | Found a staircase to the Elven Halls.
 16561 | Orc:2    | Reached skill level 20 in Axes
 16564 | Orc:2    | Reached ****** piety under Trog
 16574 | Orc:2    | HP: 6/174 [two-headed ogre/giant spiked club (16)]
 16575 | Orc:2    | Demolished by a two-headed ogre

Skill      XL: |  1  2  3  4  5  6  7  8  9 10 11 12 13 |
---------------+----------------------------------------+-----
Axes           | 4 5 6 7 9 11 13 14 16 18 20 | 20.1
Fighting       | 4 5 6 7 8 9 10 11 | 11.3
Armour         | 3 4 5 7 9 11 12 | 12.0
Slings         | 1 2 3 4 5 |  5.6
Throwing       | 1 2 4 |  4.2
Evocations     | 3 4 |  4.1
Dodging        | 3 |  3.4
Shields        | 1 |  1.5

Action                   |  1- 3 |  4- 6 |  7- 9 | 10-12 | 13-15 || total
-------------------------+-------+-------+-------+-------+-------++-------
Melee: Hand axe          |    73 |    96 |   206 |    94 |    30 ||   499
       Headbutt          |     9 |    18 |    50 |    64 |    45 ||   186
       Battleaxe         |       |       |       |   309 |   100 ||   409
       Executioner's axe |       |       |       |       |    71 ||    71
 Fire: Hunting sling     |       |    31 |    10 |    23 |       ||    64
       Fustibalus        |       |       |       |       |    48 ||    48
Throw: Tomahawk          |     2 |     3 |     7 |    22 |    57 ||    91
       Throwing net      |       |       |       |     1 |       ||     1
Invok: Trog's Hand       |       |     1 |     2 |     5 |       ||     8
       Berserk           |       |     1 |     2 |     5 |     1 ||     9
       Brothers in Arms  |       |       |       |     5 |       ||     5
Evoke: Wand              |       |       |       |       |     1 ||     1
  Use: Scroll            |       |     6 |     9 |     2 |     5 ||    22
       Potion            |       |       |       |     8 |     2 ||    10
  Eat: Chunk             |     1 |     7 |    15 |    16 |     6 ||    45
       Ration            |       |       |       |     3 |     2 ||     5
Armor: Chain mail        |    38 |    60 |    32 |   225 |     4 ||   359
       Animal skin       |     1 |       |       |       |       ||     1
       Plate armour      |       |       |    34 |       |   110 ||   144
       Skin              |       |       |       |    27 |     6 ||    33
Dodge: Dodged            |    44 |    58 |    53 |   193 |    97 ||   445
Block: Buckler           |       |       |       |     3 |     3 ||     6
